 Dungeon Crawl Stone Soup version 0.21.1-1-g345015f (webtiles) character file.

11980 troglodite the Fighter (level 11, -4/135 HPs)
             Began as a Demonspawn Berserker on June 6, 2018.
             Was a High Priest of Trog.
             Slain by an orc warrior
             ... wielding a +0 hand axe
             ... led by an orc knight
              (26 damage)
             ... on level 1 of the Orcish Mines on June 7, 2018.
             The game lasted 00:41:08 (14225 turns).

troglodite the Fighter (Demonspawn Berserker)      Turns: 14225, Time: 00:41:09

Health: -4/135     AC: 17    Str: 22    XL:     11   Next: 56%
Magic:  3/3        EV: 12    Int:  9    God:    Trog [*****.]
Gold:   584        SH:  0    Dex: 16    Spells: 10/10 levels left

rFire    . . .     SeeInvis +   d - +4 demon blade (antimagic)
rCold    + . .     Gourm    +   (no shield)
rNeg     . . .     Faith    .   B - +3 chain mail {rC+}
rPois    .         Spirit   .   (helmet unavailable)
rElec    .         Reflect  .   F - +0 cloak
rCorr    .         Harm     .   A - +0 pair of gloves
MR       .....                  (no boots)
Stlth    ..........             m - amulet of the gourmand
HPRegen  1.32/turn              (no ring)
MPRegen  0.08/turn              (no ring)

@: berserking, very quick
A: antennae 3, claws 2, talons 1, demonic guardian 1, powered by death 1
a: Berserk, Trog's Hand, Brothers in Arms, Burn Spellbooks, Renounce Religion


You were on level 1 of the Orcish Mines.
You worshipped Trog.
Trog was extremely pleased with you.
You were very full.

You visited 2 branches of the dungeon, and saw 12 of its levels.

You collected 584 gold pieces.

Inventory:

Hand Weapons
 a - a +0 falchion
 d - a +4 antimagic demon blade (weapon)
 l - the +5 hand axe of Oenomania {chop, rPois Str+3}
   (You found it on level 11 of the Dungeon)

   It inflicts extra damage upon your enemies.
   It affects your strength (+3).
   It protects you from poison.
 t - a +4 long sword
Armour
 A - a +0 pair of gloves (worn)
 B - a +3 chain mail of cold resistance (worn)
 F - a +0 cloak (worn)
Jewellery
 m - an amulet of the gourmand (around neck)
Wands
 h - a wand of polymorph (13)
 r - a wand of random effects (30)
 G - a wand of flame (35)
Scrolls
 b - a scroll of torment
 e - 4 scrolls of remove curse
 f - 3 scrolls of teleportation
 g - a scroll of vulnerability {unknown}
 k - 5 scrolls of magic mapping
 w - a scroll of fog
 y - 2 scrolls of amnesia {unknown}
 z - 4 scrolls of immolation {unknown}
 I - a scroll of random uselessness {unknown}
 J - a scroll of enchant weapon
 L - a scroll of noise {unknown}
Potions
 i - a potion of flight
 j - 3 potions of might
 n - a potion of berserk rage
 o - 6 potions of curing
 p - a potion of lignification {unknown}
 q - 3 potions of agility
 s - 4 potions of ambrosia
 u - a potion of heal wounds
 v - 2 potions of invisibility
 C - 3 potions of mutation
 E - a potion of cancellation {unknown}
 H - a potion of degeneration {unknown}
 K - 4 potions of haste
 M - a potion of resistance {unknown}
Books
 x - a book of Callings

   Spells                             Type                      Level
   a - Summon Small Mammal            Summoning                    1
   b - Call Imp                       Summoning                    2
   c - Call Canine Familiar           Summoning                    3
   d - Summon Guardian Golem          Hexes/Summoning              3
   e - Summon Lightning Spire         Summoning/Air                4
   f - Summon Ice Beast               Ice/Summoning                4
   Trog disapproves of the use of such an item.
Comestibles
 c - 22 rations


   Skills:
 * Level 9.7 Fighting
 + Level 9.3 Long Blades
 * Level 9.6 Armour
 * Level 7.2 Dodging
 + Level 2.3 Stealth


You had 10 spell levels left.
You didn't know any spells.

Dungeon Overview and Level Annotations

Branches:
Dungeon (11/15)            Temple (0/1) D:5            Lair (0/6) D:8
    Orc (1/2) D:9

Altars:
Cheibriados
Elyvilon
Fedhas
Hepliaklqana
Makhleb
Nemelex Xobeh
Qazlal
Ru
Sif Muna
Uskayaw
Vehumet
Wu Jian
Xom
Yredelemnul

Shops:
D:6 :*?


Innate Abilities, Weirdness & Mutations

You have a pair of large antennae on your head. (SInv)
You have very sharp fingernails.
You have sharp toenails.
A weak demonic guardian rushes to your aid.
You regenerate a little health from kills.


Message History

The orc warrior barely misses you.
Unknown command.
You completely miss the orc knight. Your kick misses the orc knight.
The orc knight is almost dead.
The orc knight closely misses you. The orc warrior closely misses you.
You riposte.
You closely miss the orc warrior. You claw the orc warrior!
The orc warrior is heavily wounded.
Unknown command.
You completely miss the orc knight.
You claw the orc knight, but do no damage.
The orc knight is almost dead.
The orc warrior misses you.
You riposte.
You hit the orc warrior. Your kick misses the orc warrior.
The orc warrior is moderately wounded.
Unknown command.
You slash the orc knight!
You kill the orc knight!
Trog accepts your kill.
The orc warrior hits you with a hand axe!!
You die...

........ ..##
#....... ...##
........ ....##
..#.....#.....#.
................
................
#......#........
.......)....$...
#.....)@).......
##.....oo.......
##.........$...
................
.....$#....>....
................
#...............
##.............


You could see 2 orc warriors.

Vanquished Creatures
  The ghost of Bnni the Cleaver, a novice DsFi of Okawaru (D:9)
  Sonja (D:10)
  Pikel (D:8)
  An orc knight (Orc:1)
  A gargoyle (D:11)
  A troll (D:11)
  2 hornets (D:10)
  Sigmund (D:3)
  A wyvern (D:8)
  Eustachio (D:5)
  5 humans (D:10)
  Menkaure (D:6)
  Edmund (D:5)
  A water moccasin (D:7)
  An acid dragon (D:8)
  2 wargs (D:9)
  2 ice beasts
  2 phantoms
  2 slaves (D:8)
  3 black bears
  9 ogres
  A necrophage (D:10)
  A sky beast (D:10)
  4 orc warriors
  3 centaurs
  2 crocodiles (D:8)
  Blork the orc (D:5)
  2 big kobolds
  5 bullfrogs
  A water moccasin zombie (D:6)
  3 scorpions
  A water moccasin skeleton (D:7)
  7 killer bees
  5 howler monkeys
  4 wights
  2 crimson imps (D:5)
  A quasit (D:5)
  A bullfrog zombie (D:6)
  A centaur zombie (D:9)
  2 jellies
  4 orc priests
  A centaur skeleton (D:8)
  4 hounds
  10 orc wizards
  A bullfrog skeleton (D:4)
  3 iron imps (D:6)
  Natasha (twice) (D:3)
  An iguana (D:8)
  7 worker ants
  A killer bee zombie (D:8)
  A hound zombie (D:9)
  A worker ant zombie (D:10)
  10 adders
  8 gnolls
  A howler monkey skeleton (D:7)
  4 shadow imps
  3 oozes
  4 adder skeletons
  A worm (D:2)
  4 dart slugs
  4 leopard geckos
  42 orcs
  3 giant cockroaches
  6 goblins
  2 hobgoblins
  4 jackals (D:5)
  10 kobolds
  A quokka (D:10)
  A ball python (D:5)
  A ball python skeleton (D:5)
  7 bats
  3 frilled lizards
  A leopard gecko skeleton (D:3)
  A leopard gecko zombie (D:9)
  A quokka zombie (D:7)
  3 rats
248 creatures vanquished.

Vanquished Creatures (collateral kills)
  3 two-headed ogres
  The ghost of aaksess the Ducker, a novice SpWr of Ashenzari (D:6)
  A hornet (D:10)
  An ice beast (D:6)
  An orc warrior (D:9)
  2 bullfrogs (D:6)
  2 scorpions (D:5)
  2 wights (D:9)
  3 howler monkeys
  2 orc priests (D:5)
  2 orc wizards
  Natasha (D:3)
  7 gnolls
  6 orcs
  A ball python (D:6)
  A giant cockroach (D:2)
  A goblin (D:9)
  A hobgoblin (D:3)
  A bat (D:3)
  A frilled lizard (D:3)
40 creatures vanquished.

Vanquished Creatures (others)
  A slave (D:8)
1 creature vanquished.

Grand Total: 289 creatures vanquished

Notes
Turn   | Place    | Note
-------+----------+-------------------------------------------
     0 | D:1      | troglodite the Demonspawn Berserker began the quest for the Orb.
     0 | D:1      | Reached XP level 1. HP: 18/18 MP: 1/1
    80 | D:1      | Gained mutation: A weak demonic guardian rushes to your aid. [demonic ancestry]
    80 | D:1      | Reached XP level 2. HP: 15/24 MP: 2/2
   388 | D:1      | You fall through a shaft!
   423 | D:2      | Gained mutation: You have sharp toenails. [demonic ancestry]
   423 | D:2      | Reached XP level 3. HP: 29/29 MP: 3/3
   554 | D:2      | Reached ** piety under Trog
   554 | D:2      | Gained mutation: You have sharp fingernails. [demonic ancestry]
   554 | D:2      | Reached XP level 4. HP: 23/37 MP: 4/4
  1099 | D:2      | Found a stormy altar of Qazlal.
  1100 | D:2      | Found a sparkling altar of Nemelex Xobeh.
  1372 | D:2      | Gained mutation: You have very sharp fingernails. [demonic ancestry]
  1372 | D:2      | Reached XP level 5. HP: 43/43 MP: 5/5
  1380 | D:2      | Found a hide-covered altar of Uskayaw.
  1383 | D:2      | Found an ornate altar of the Wu Jian Council.
  1383 | D:2      | Found a radiant altar of Vehumet.
  1402 | D:2      | Found a blossoming altar of Fedhas.
  1407 | D:2      | Found a sacrificial altar of Ru.
  1694 | D:3      | Found a white marble altar of Elyvilon.
  1763 | D:3      | Noticed Natasha
  1767 | D:3      | Killed Natasha
  1806 | D:3      | Noticed Natasha
  1816 | D:3      | Killed Natasha
  2048 | D:3      | Noticed Sigmund
  2069 | D:3      | Killed Sigmund
  2069 | D:3      | Gained mutation: You have a pair of small antennae on your head. [demonic ancestry]
  2069 | D:3      | Reached XP level 6. HP: 50/50 MP: 6/6
  2287 | D:3      | Found a snail-covered altar of Cheibriados.
  2619 | D:3      | Noticed Natasha
  2625 | D:3      | Killed Natasha
  2634 | D:3      | Reached *** piety under Trog
  2634 | D:3      | Reached skill level 5 in Fighting
  2914 | D:4      | Reached XP level 7. HP: 56/56 MP: 7/7
  3908 | D:5      | Entered Level 5 of the Dungeon
  3947 | D:5      | Reached skill level 5 in Long Blades
  4011 | D:5      | Noticed Blork the orc
  4017 | D:5      | Killed Blork the orc
  4161 | D:5      | Noticed Eustachio
  4163 | D:5      | Found a staircase to the Ecumenical Temple.
  4204 | D:5      | Killed Eustachio
  4204 | D:5      | Gained mutation: You have a pair of antennae on your head. [demonic ancestry]
  4204 | D:5      | Reached XP level 8. HP: 50/64 MP: 8/8
  4408 | D:5      | Noticed Edmund
  4414 | D:5      | Killed Edmund
  4414 | D:5      | Reached skill level 5 in Armour
  4766 | D:5      | Reached **** piety under Trog
  5014 | D:6      | Found Zybakhluif's Book Emporium.
  5080 | D:6      | Noticed aaksess's ghost (novice SpWr)
  5093 | D:6      | Found Vauvagish's General Store.
  5122 | D:6      | Killed aaksess's ghost
  5159 | D:6      | Found Fyr Inu's Magic Scroll Emporium.
  5160 | D:6      | Found a basalt altar of Yredelemnul.
  5355 | D:6      | Reached XP level 9. HP: 71/71 MP: 9/9
  5363 | D:6      | Reached skill level 1 in Stealth
  5519 | D:6      | Found a deep blue altar of Sif Muna.
  5520 | D:6      | Noticed Menkaure
  5524 | D:6      | Killed Menkaure
  6287 | D:6      | Found a burning altar of Makhleb.
  6839 | D:7      | Reached skill level 5 in Dodging
  7130 | D:7      | Reached ***** piety under Trog
  7616 | D:8      | Noticed Pikel
  7628 | D:8      | Killed Pikel
  7628 | D:8      | Gained mutation: You regenerate a little health from kills. [demonic ancestry]
  7628 | D:8      | Reached XP level 10. HP: 79/80 MP: 10/10
  7821 | D:8      | Noticed a two-headed ogre
  7897 | D:8      | Killed a two-headed ogre
  8646 | D:8      | Noticed a two-headed ogre
  8651 | D:8      | Killed a two-headed ogre
  9032 | D:8      | Found a hazy altar of Hepliaklqana.
  9290 | D:8      | Found a staircase to the Lair.
  9546 | D:9      | Noticed a two-headed ogre
  9639 | D:9      | Killed a two-headed ogre
 10001 | D:9      | Received a gift from Trog
 10436 | D:9      | Found a staircase to the Orcish Mines.
 11144 | D:9      | Noticed Bnni's ghost (novice DsFi)
 11185 | D:10     | Entered Level 10 of the Dungeon
 11672 | D:9      | Killed Bnni's ghost
 11808 | D:9      | Gained mutation: You have a pair of large antennae on your head. (SInv) [demonic ancestry]
 11808 | D:9      | Reached XP level 11. HP: 89/89 MP: 3/11
 11954 | D:9      | Found a shimmering altar of Xom.
 12131 | D:10     | Noticed Sonja
 12457 | D:10     | Killed Sonja
 12588 | D:10     | Paralysed by a hornet for 2 turns
 12860 | D:10     | Paralysed by a hornet for 2 turns
 13900 | D:11     | Got a slimy hand axe
 13901 | D:11     | Identified the +5 hand axe of Oenomania {chop, rPois Str+3} (You found it on level 11 of the Dungeon)
 14201 | Orc:1    | Entered Level 1 of the Orcish Mines
 14201 | Orc:1    | Noticed an orc knight
 14225 | Orc:1    | Killed an orc knight
 14225 | Orc:1    | Slain by an orc warrior

Skill      XL: |  1  2  3  4  5  6  7  8  9 10 11 |
---------------+----------------------------------+-----
Long Blades    | 3 4 5 6 7 8 9 |  9.3
Dodging        | 2 3 4 5 6 7 |  7.2
Armour         | 2 3 4 6 7 8 9 |  9.6
Fighting       | 4 5 6 8 9 |  9.7
Stealth        | 1 2 |  2.3

Action                   |  1- 3 |  4- 6 |  7- 9 | 10-12 || total
-------------------------+-------+-------+-------+-------++-------
Melee: Falchion          |    49 |   129 |    90 |       ||   268
       Kick              |     4 |    36 |   129 |   130 ||   299
       Long sword        |       |       |   266 |    54 ||   320
       Demon blade       |       |       |       |   256 ||   256
       Hand axe          |       |       |       |     7 ||     7
Invok: Berserk           |     3 |     3 |     6 |    13 ||    25
       Brothers in Arms  |       |       |     1 |     3 ||     4
  Use: Scroll            |     2 |       |     4 |    19 ||    25
       Potion            |       |       |       |     1 ||     1
 Stab: Distracted        |       |       |     5 |       ||     5
       Sleeping          |       |       |     1 |       ||     1
  Eat: Chunk             |     1 |    22 |    25 |    34 ||    82
Armor: Animal skin       |     5 |       |       |       ||     5
       Chain mail        |    20 |    71 |    68 |   167 ||   326
       Ring mail         |       |       |    74 |       ||    74
Dodge: Dodged            |    32 |    52 |   225 |   193 ||   502
       Rpst.: Falchion   |    12 |    18 |     5 |       ||    35
       Long sword        |       |       |    47 |    11 ||    58
       Demon blade       |       |       |       |    38 ||    38
